Map: Disco Bloodbath LE

Players

Wirenut - Winner!

  • Race: Zerg Zerg
  • League: Platinum
  • Spawn Location: 9:00

pHARM

  • Race: Zerg Zerg
  • League: Platinum
  • Spawn Location: 3:00

VOD

Have the link to the VOD?

Description

Time

  • Played on: Sept. 30, 2019, 5:03 p.m.
  • Length: 11:44
Show
View Real Time Build Order
Export as new Build Order

Wirenut Zerg - Winner!

Build Orders: Pool First 

Get SALT Encoding   

  12  0:18  Spawning Pool  
  11  0:48  Hatchery  
  10  0:53  Drone  
  11  1:07  Zergling x4  
  11  1:08  Zergling x2  
  14  1:23  Extractor  
  14  1:24  Overlord  
  13  1:30  Drone  
  14  1:43  Drone  
  15  1:50  Queen  
  15  1:52  Drone  
  18  2:02  Drone x2  
  20  2:13  Drone  
  20  2:14  Drone  
  22  2:23  Queen  
  24  2:33  Drone x2  
  26  2:40  Drone x2  
  25  2:47  Metabolic Boost  
  25  2:52  Zergling x2  
  25  2:57  Zergling x2  
  27  3:07  Overlord  
  27  3:10  Overlord  
  27  3:18  Evolution Chamber  
  26  3:20  Zergling x4  
  28  3:30  Zergling x6  
  30  3:45  Zerg Ground Armor Level 1  
  30  3:46  Zergling x4  
  30  3:47  Zergling x2  
  32  4:00  Drone  
  32  4:01  Drone x2  
  35  4:08  Overlord  
  35  4:15  Overlord  
  35  4:23  Drone  
  35  4:24  Overlord  
  33  4:39  Zergling x12  
  33  4:40  Zergling x2  
  40  4:49  Drone, Baneling Nest  
  40  4:59  Drone  
  41  5:00  Drone x2  
  43  5:13  Lair  
  43  5:19  Evolution Chamber, Drone x4  
  46  5:26  Drone x3  
  49  5:38  Drone  
  49  5:51  Hatchery  
  49  5:53  Baneling x5  
  49  5:54  Baneling x3  
  49  5:55  Baneling  
  48  6:03  Extractor  
  47  6:04  Extractor  
  47  6:07  Extractor  
  45  6:16  Overlord  
  45  6:17  Zergling x10  
  45  6:18  Zergling x6  
  50  6:30  Zergling x8  
  46  6:43  Roach Warren  
  46  6:45  Zerg Missile Weapons Level 1  
  45  6:55  Drone x5  
  45  6:56  Drone  
  51  7:03  Zergling x4  
  52  7:09  Drone x3  
  52  7:24  Overseer, Spore Crawler  
  52  7:29  Zergling x6, Roach  
  56  7:32  Glial Reconstitution  
  54  7:44  Zergling x2  
  54  7:45  Zergling x8  
  55  7:56  Zerg Melee Weapons Level 1  
  52  8:01  Drone  
  53  8:12  Zergling x2  
  54  8:13  Zergling x10  
  59  8:21  Drone x3  
  59  8:22  Drone  
  59  8:26  Overseer  
  63  8:39  Spire, Zerg Ground Armor Level 2  
  62  8:47  Zergling x2  
  62  8:48  Zergling x8  
  66  8:49  Zergling x4  
  69  9:05  Queen  
  69  9:08  Overlord  
  69  9:09  Overlord  
  71  9:11  Extractor  
  71  9:14  Extractor  
  69  9:30  Overlord  
  66  9:54  Mutalisk x5  
  66  9:55  Mutalisk x3  
  66  9:56  Mutalisk x3  
  52  10:47  Extractor  
Show
View Real Time Build Order
Export as new Build Order

pHARM Zerg 

Build Orders: Hatch First 

Get SALT Encoding   

  12  0:01  Drone  
  13  0:14  Overlord  
  13  0:25  Drone  
  14  0:36  Drone x2  
  16  0:49  Drone  
  18  0:50  Drone  
  18  1:00  Drone  
  18  1:04  Hatchery  
  18  1:15  Spawning Pool  
  18  1:17  Drone  
  18  1:23  Drone  
  19  1:33  Drone  
  19  1:36  Extractor  
  19  1:42  Drone  
  20  2:13  Zergling x4  
  20  2:15  Queen  
  22  2:19  Zergling x4  
  26  2:23  Queen  
  28  2:47  Overlord x2  
  28  2:59  Overlord  
  28  3:05  Queen  
  28  3:08  Drone x5  
  35  3:26  Drone x3  
  34  3:51  Drone x7  
  41  4:06  Evolution Chamber  
  40  4:11  Roach Warren  
  39  4:18  Evolution Chamber  
  39  4:22  Zergling x10  
  43  4:26  Zergling x2  
  44  4:36  Zerg Missile Weapons Level 1  
  44  4:38  Zergling x4  
  46  4:56  Lair  
  46  4:57  Drone  
  46  4:58  Drone x3  
  50  5:08  Extractor  
  50  5:09  Extractor  
  48  5:29  Drone x4  
  48  5:32  Overlord x2  
  52  5:56  Glial Reconstitution  
  52  5:59  Roach x4  
  60  6:16  Drone x3  
  63  6:19  Roach x2  
  63  6:20  Overlord  
  60  6:37  Roach x4  
  68  6:41  Overlord  
  68  6:42  Overlord  
  57  7:16  Hatchery  
  49  7:48  Roach x6  
  49  7:49  Roach x5  
  65  8:40  Roach  
  65  8:41  Roach x7  
  81  8:51  Queen  
  83  9:10  Drone x7  
  90  9:29  Drone x8  
  98  9:34  Spine Crawler  
  98  9:35  Spine Crawler  
  96  10:05  Roach  
  98  10:09  Overlord x12  
  70  10:25  Zergling x4  
  68  10:29  Spine Crawler x2  
  68  10:31  Spine Crawler x2  
  60  10:42  Hatchery  
  51  10:44  Spore Crawler  
  51  10:47  Spore Crawler  
Tags
 
Add a new tag
Caveats
  • Supply blocks, unpowered buildings, or Contaminate may cause inaccurate times.
  • Supply counts are checked every 10 seconds.